 Dungeon Crawl Stone Soup version 0.29.1-12-g30fa7ad0bf (webtiles) character file.

Game seed: 702083505083651004

1283 wormed the Cleaver (level 8, -6/71 HPs)
             Began as a Hill Orc Fighter on Dec 21, 2022.
             Was an Initiate of Beogh.
             Mangled by fantasyman's ghost (16 damage)
             ... on level 6 of the Dungeon.
             The game lasted 00:09:33 (4911 turns).

wormed the Cleaver (Hill Orc Fighter)               Turns: 4911, Time: 00:09:34

Health: -6/71      AC:  7    Str: 21    XL:     8   Next: 54%
Magic:  8/8        EV:  9    Int:  8    God:    Beogh [......]
Gold:   240        SH:  5    Dex: 10    Spells: 7/7 levels left

rFire   . . .      SeeInvis .   a - +0 war axe
rCold   + . .      Faith    .   c - +0 buckler
rNeg    . . .      Spirit   .   b - +0 scale mail
rPois   .          Reflect  .   (no helmet)
rElec   .          Harm     .   (no cloak)
rCorr   .          Rampage  .   (no gloves)
Will    .....                   (no boots)
Stlth   ..........              g - amulet of regeneration
HPRegen 1.01/turn               v - ring of protection from cold
MPRegen 0.11/turn               (no ring)

@: no status effects
A: no striking features
a: Renounce Religion


You were on level 6 of the Dungeon.
You worshipped Beogh.
Beogh was noncommittal.
You visited 1 branch of the dungeon, and saw 6 of its levels.

You collected 240 gold pieces.

Inventory:

Hand Weapons
 a - a +0 war axe (weapon)
 w - a +0 antimagic trident
Armour
 b - a +0 scale mail (worn)
 c - a +0 buckler (worn)
Jewellery
 g - an amulet of regeneration (around neck)
 i - a ring of magical power
 v - a ring of protection from cold (left hand)
Wands
 o - a wand of charming (6)
 s - a wand of flame (10)
 t - a wand of polymorph (2)
 B - a wand of mindburst (3)
 C - a wand of digging (6)
Scrolls
 h - a scroll of amnesia {unknown}
 j - a scroll of enchant weapon {unknown}
 l - a scroll of noise {unknown}
 m - a scroll of magic mapping {unknown}
 q - 2 scrolls of teleportation
 u - 2 scrolls of poison {unknown}
 y - a scroll of fear {unknown}
 A - 2 scrolls of vulnerability {unknown}
Potions
 d - a potion of might
 e - a potion of curing
 f - a potion of lignification
 k - a potion of flight
 n - 3 potions of heal wounds {unknown}
 p - a potion of degeneration
 r - a potion of resistance {unknown}
 x - a potion of mutation {unknown}
 z - 2 potions of brilliance


   Skills:
 + Level 6.4 Fighting
 * Level 8.8 Axes
 + Level 5.9 Armour
 + Level 5.8 Shields


You had 7 spell levels left.
You didn't know any spells.
Your spell library contained the following spells:

 Spells                   Type           Power      Damage    Failure   Level
 Ensorcelled Hibernation  Hex/Ice        0%         N/A       91%         2
 Passwall                 Tmut/Erth      0%         N/A       91%         2
 Static Discharge         Conj/Air       0%         3-3/arc   91%         2
 Spider Form              Tmut/Pois      0%         N/A       99%         3
 Swiftness                Air            0%         N/A       99%         3
 Anguish                  Hex/Necr       0%         N/A       100%        4
 Dispel Undead            Necr           0%         3d6       100%        4
 Sticky Flame             Conj/Fire      0%         2d3       100%        4


Dungeon Overview and Level Annotations

Branches:
Dungeon (6/15)
 Temple: D:4-7

Altars:
Cheibriados
Dithmenos
Trog
Vehumet
Wu Jian
Zin

Shops:
D:6 *

Annotations:
D:6 1 transporter, fantasyman's ghost, novice HOFi


Message History

You see here a +0 flail.
There is a transporter landing site here.
Found a transporter.
There is a transporter here.
You enter the transporter and appear at another place.
The ogre attacks as you move away!
The ogre hits you with a +0 giant spiked club!
There is a transporter landing site here.
You hit the ogre.
The ogre is moderately wounded.
You hit fantasyman's ghost but do no damage.
You slash the ogre! The ogre closely misses you. Fantasyman's ghost hits you.
You hit fantasyman's ghost.
Fantasyman's ghost is lightly damaged.
You slash the ogre! Fantasyman's ghost hits you! You block the ogre's attack.
You hit fantasyman's ghost but do no damage.
Fantasyman's ghost is lightly damaged.
You hit the ogre.
You kill the ogre!
Beogh accepts your kill.
Fantasyman's ghost hits you but does no damage.
You slash fantasyman's ghost!
Fantasyman's ghost is moderately damaged.
Fantasyman's ghost hits you!!
You slash fantasyman's ghost!
Fantasyman's ghost is moderately damaged.
Fantasyman's ghost hits you!
* * * LOW HITPOINT WARNING * * *
You slash fantasyman's ghost!
Fantasyman's ghost is heavily damaged.
Fantasyman's ghost hits you.
* * * LOW HITPOINT WARNING * * *
You slash fantasyman's ghost!
Fantasyman's ghost is severely damaged.
Fantasyman's ghost hits you.
* * * LOW HITPOINT WARNING * * *
You hit fantasyman's ghost.
Fantasyman's ghost is severely damaged.
Fantasyman's ghost hits you!
You die...

#.###.# #.#.# #........#.##
##...## #...# ########.)###.#...
##### #.### #......#))###.####
#.# #.#..#.#.)##.<.### #.#
#..##..#.......... ####
#.#####..##..#..##...### ...#
#.....#.#O.#.#©........#
##.#######.#####©WO..$#...#####..
.<...>.....#####@#..#:#©..# #.#
..............##..##..#...# #..
########.#.....#..##..#...# #.#
#.#.##..#.#..#.#...#####.#
#.#.....#©.....#..........
#.#.....########..###.....
#.#.##### ##### #.#.#.
########.#.# #.#.#. .........#.#
#.#.#.


You could see 2 ogres and fantasyman's ghost.

Vanquished Creatures
  3 black bears
  An ice beast (D:6)
  2 ogres (D:6)
  A centaur (D:6)
  A phantom (D:5)
  2 scorpions (D:5)
  A hound (D:5)
  2 orc priests (D:6)
  2 jellies
  An orc wizard (D:5)
  3 iguanas
  5 gnolls
  7 adders
  2 worms
  A dart slug (D:3)
  12 orcs
  4 endoplasms
  5 giant cockroaches
  8 goblins
  8 hobgoblins
  13 jackals
  6 quokkas
  5 ball pythons
  8 bats
  2 frilled lizards (D:1)
  7 kobolds
  6 rats
118 creatures vanquished.

Vanquished Creatures (others)
  5 plants (D:3)
5 creatures vanquished.

Grand Total: 123 creatures vanquished

Notes
Turn   | Place    | Note
-------+----------+-------------------------------------------
     0 | D:1      | wormed the Hill Orc Fighter began the quest for the Orb.
     0 | D:1      | Reached XP level 1. HP: 19/19 MP: 1/1
   220 | D:1      | Reached skill level 3 in Axes
   442 | D:1      | Reached XP level 2. HP: 25/27 MP: 2/2
   646 | D:1      | Reached XP level 3. HP: 33/33 MP: 3/3
  1224 | D:1      | Reached skill level 4 in Axes
  1436 | D:1      | Reached XP level 4. HP: 40/40 MP: 4/4
  1985 | D:2      | Found a faded altar of an unknown god.
  2122 | D:3      | Found a transporter.
  2247 | D:3      | Found a transporter.
  2345 | D:3      | Reached XP level 5. HP: 45/47 MP: 5/5
  2832 | D:4      | Reached skill level 5 in Axes
  3330 | D:4      | Noticed a black bear
  3338 | D:4      | Killed a black bear
  3339 | D:4      | Reached XP level 6. HP: 49/55 MP: 6/6
  3453 | D:5      | Entered Level 5 of the Dungeon
  3464 | D:5      | Reached skill level 5 in Fighting
  3464 | D:5      | Reached skill level 6 in Axes
  3634 | D:5      | Reached XP level 7. HP: 39/61 MP: 7/7
  3765 | D:5      | Found a bloodstained altar of Trog.
  3766 | D:5      | Found a snail-covered altar of Cheibriados.
  3768 | D:5      | Found an ornate altar of the Wu Jian Council.
  3768 | D:5      | Found a shadowy altar of Dithmenos.
  3770 | D:5      | Found a glowing silver altar of Zin.
  3771 | D:5      | Found a radiant altar of Vehumet.
  3969 | D:5      | Reached skill level 7 in Axes
  3969 | D:5      | Reached skill level 5 in Armour
  3993 | D:5      | Reached skill level 5 in Shields
  3995 | D:5      | Became a worshipper of Beogh the Brigand
  4278 | D:6      | Identified the +2 dire flail of Hashaaq {vorpal, rN+ rCorr
                  | Str+4 Dex-3}
  4278 | D:6      | Noticed fantasyman's ghost (novice HOFi)
  4279 | D:6      | Found a transporter.
  4319 | D:6      | Found Echuaf Udiesh's Gadget Gallery.
  4496 | D:6      | Reached XP level 8. HP: 67/70 MP: 8/8
  4550 | D:6      | Reached skill level 8 in Axes
  4898 | D:6      | Found a transporter.
  4911 | D:6      | Mangled by fantasyman's ghost

Illustrated notes

Levels and vault maps discovered:
D:1:      tarquinn_simple_flora_water_d, layout_basic
D:2:      layout_basic, basic_ecumenical_altar, serial_aquarium,
          aquarium_bridge_square [aquarium_subvault_bridge,
          aquarium_subvault_wall, aquarium_subvault_bridge,
          aquarium_subvault_window], aquarium_window_fake, aquarium_window_3,
          aquarium_view_2c, aquarium_pool_side
D:3:      gammafunk_wand_slinger, layout_basic
D:4:      black_bear_nest_2, layout_rooms
D:5:      layout_cave_pools, grunt_temple_overflow_open
D:6:      layout_loops_ring, gammafunk_ghost_smash, nicolae_shop_gadgets

Skill      XL: |  1  2  3  4  5  6  7  8 |
---------------+-------------------------+-----
Axes           | 3 4 5 6 7 8 |  8.8
Fighting       | 4 5 6 |  6.4
Armour         | 4 5 |  5.9
Shields        | 4 5 |  5.8

Action                   |  1- 3 |  4- 6 |  7- 9 || total
-------------------------+-------+-------+-------++-------
Melee: War axe           |   105 |   216 |    99 ||   420
Invok: Convert to Beogh  |       |       |     1 ||     1
  Use: Scroll            |       |     6 |       ||     6
       Potion            |       |     1 |       ||     1
Armor: Scale mail        |    62 |    99 |    65 ||   226
Dodge: Dodged            |    57 |   120 |    55 ||   232
Block: Buckler           |    25 |    56 |    34 ||   115
